 Dungeon Crawl Stone Soup version 0.28-a0-8-g6e044cfa68 (webtiles) character file.

Game seed: 11852516803644644179

744 zazu2006 the Magician (level 7, 0/60 HPs)
             Began as a Naga Hedge Wizard on July 25, 2021.
             Slain by Grinder (2 damage)
             ... on level 5 of the Dungeon.
             The game lasted 00:06:52 (5647 turns).

zazu2006 the Magician (Naga Hedge Wizard)           Turns: 5647, Time: 00:06:52

Health: 0/60       AC:  4    Str: 13    XL:     7   Next: 76%
Magic:  14/14      EV: 10    Int: 15    God:
Gold:   189        SH:  0    Dex: 17    Spells: 7/16 levels left

rFire   . . .      SeeInvis +   l - +2 dagger (elec)
rCold   . . .      Faith    .   (no shield)
rNeg    . . .      Spirit   .   i - +0 leather armour
rPois   +          Reflect  .   c - +0 hat
rElec   .          Harm     .   (no cloak)
rCorr   .          Rampage  .   (no gloves)
Will    .....                   (no barding)
Stlth   +++.......              (no amulet)
HPRegen 0.20/turn               f - +6 ring of dexterity
MPRegen 0.14/turn               (no ring)

@: very slow
A: AC +2, large, see invisible, deformed body, poison resistance, slowness 2,
spit poison 1, naga tail 1
a: Spit Poison


You were on level 5 of the Dungeon.
You visited 1 branch of the dungeon, and saw 5 of its levels.

You collected 189 gold pieces.

Inventory:

Hand Weapons
 l - a +2 dagger of electrocution (weapon)
 u - a +1 rapier of freezing
Armour
 c - a +0 hat (worn)
 i - a +0 leather armour (worn)
Jewellery
 f - a +6 ring of dexterity (left hand)
Wands
 h - a wand of flame (19)
 m - a wand of paralysis (5)
 o - a wand of digging (1)
 w - a wand of charming (9)
Scrolls
 a - a scroll of immolation {unknown}
 k - a scroll of magic mapping {unknown}
 n - a scroll of enchant armour {unknown}
 q - a scroll of teleportation {unknown}
 r - a scroll of fog {unknown}
 s - 2 scrolls of blinking {unknown}
 t - 2 scrolls of identify {unknown}
 v - a scroll of vulnerability {unknown}
 x - a scroll of fear {unknown}
Potions
 b - 5 potions of curing {unknown}
 d - a potion of magic {unknown}
 e - 2 potions of haste
 g - 2 potions of lignification {unknown}
 j - 2 potions of heal wounds {unknown}
 p - a potion of attraction {unknown}


   Skills:
 + Level 2.0 Fighting
 + Level 2.6 Armour
 + Level 2.3 Dodging
 + Level 4.5 Stealth
 + Level 5.0 Spellcasting
 + Level 2.8 Conjurations
 + Level 1.0 Summonings
 + Level 1.0 Translocations
 + Level 0.4 Air Magic
 + Level 4.4 Poison Magic


You had 7 spell levels left.
You knew the following spells:

 Your Spells              Type           Power      Damage    Failure   Level
a - Magic Dart            Conj           48%        1d5       6%          1
b - Mephitic Cloud        Conj/Pois/Air  11%        N/A       22%         3
c - Conjure Flame         Conj/Fire      8%         6-21      34%         3
d - Blink                 Tloc           N/A        N/A       21%         2

Your spell library contained the following spells:

 Spells                   Type           Power      Damage    Failure   Level
 Call Imp                 Summ           6%         N/A       21%         2
 Slow                     Hex            3%         N/A       30%         2
 Call Canine Familiar     Summ           6%         N/A       38%         3
 Portal Projectile        Hex/Tloc       10%        N/A       45%         3
 Leda's Liquefaction      Hex/Erth       1%         N/A       90%         4


Dungeon Overview and Level Annotations

Branches:
Dungeon (5/15)
 Temple: D:4-7

Altars:
Qazlal

Annotations:
D:5 Grinder


Innate Abilities, Weirdness & Mutations

Your serpentine skin is tough. (AC +2)
You have supernaturally acute eyesight. (SInv)
Armour fits poorly on your strangely shaped body.
Your system is resistant to poisons. (rPois)
You cover ground very slowly.
You can spit poison.
You have a snake-like lower body.


Message History

You hit the hound but do no damage.
The hound is almost dead.
The hound closely misses you.
You closely miss the hound.
The hound is almost dead.
The hound bites you. The hound barely misses you.
You hit the hound. Lightning courses through the hound!
You kill the hound!
Your Fighting skill increases to level 2!
Found a stone staircase leading up.
Found 11 stones.
You see here 11 stones.
You see here 11 stones.
You now have 189 gold pieces (gained 19).
Found a mace.
You see here a +0 leather armour.
Grinder comes into view.
She is carrying a wand of digging (4).
Grinder shouts!
You hit Grinder but do no damage. Grinder hits you!
You writhe in agony.
You hit Grinder.
Grinder is lightly wounded.
Grinder gestures at you. Pain shoots through your body!
You hit Grinder. Lightning courses through Grinder!!
Grinder is severely wounded.
Grinder hits you.
You completely miss Grinder.
Grinder is severely wounded.
Grinder hits you!
You writhe in agony.
* * * LOW HITPOINT WARNING * * *
You hit Grinder.
Grinder is severely wounded.
Grinder hits you!
* * * LOW HITPOINT WARNING * * *
You hit Grinder.
Grinder is severely wounded.
Grinder hits you!
* * * LOW HITPOINT WARNING * * *
You writhe in agony.
You die...

.....###.. ...... .#
..... .# ... .... .#
#.. ..# .# #.# #.# .#
##. .# #.#
#.##)#..... ..
#.####..@5....#
.###......##.....#
..#........#.....#
#.#..[.....#.....#
#.#..#####.#.....#
#.#..# .#.....#
#....#### .#.....#
##......##.#.....# #
#######...##.#..#.#..
.#


You could see Grinder.

Vanquished Creatures
  Sigmund (D:3)
  A sky beast (D:5)
  A phantom (D:5)
  2 hounds (D:5)
  2 orc priests (D:4)
  Ijyb (D:4)
  4 iguanas (D:4)
  An orc wizard (D:4)
  A hound skeleton (D:4)
  6 adders
  2 adder skeletons (D:4)
  9 orcs
  An endoplasm (D:3)
  A giant cockroach (D:1)
  5 goblins
  5 hobgoblins
  7 jackals
  7 kobolds
  3 quokkas
  4 ball pythons
  7 bats
  5 frilled lizards
  8 rats
84 creatures vanquished.

Notes
Turn   | Place    | Note
-------+----------+-------------------------------------------
     0 | D:1      | zazu2006 the Naga Hedge Wizard began the quest for the Orb.
     0 | D:1      | Reached XP level 1. HP: 15/15 MP: 4/4
   190 | D:1      | Reached XP level 2. HP: 22/22 MP: 4/6
  1463 | D:2      | Reached XP level 3. HP: 28/28 MP: 1/8
  1494 | D:2      | Reached skill level 4 in Spellcasting
  2317 | D:3      | Noticed Sigmund
  2369 | D:3      | Learned a level 3 spell: Mephitic Cloud
  2373 | D:3      | Learned a level 3 spell: Conjure Flame
  2609 | D:3      | Found a stormy altar of Qazlal.
  2627 | D:3      | Reached XP level 4. HP: 26/36 MP: 10/10
  2976 | D:3      | Killed Sigmund
  2977 | D:3      | Reached skill level 1 in Fighting
  2977 | D:3      | Reached skill level 1 in Armour
  2977 | D:3      | Reached XP level 5. HP: 15/44 MP: 9/12
  2977 | D:3      | Reached XP level 6. HP: 17/51 MP: 9/13
  3365 | D:3      | Found a faded altar of an unknown god.
  4529 | D:4      | Noticed Ijyb
  4545 | D:4      | Killed Ijyb
  4546 | D:4      | Reached XP level 7. HP: 40/57 MP: 4/14
  5075 | D:5      | Entered Level 5 of the Dungeon
  5200 | D:5      | Reached skill level 5 in Spellcasting
  5540 | D:5      | Learned a level 2 spell: Blink
  5639 | D:5      | Noticed Grinder
  5647 | D:5      | HP: 2/60 [Grinder (9)]
  5647 | D:5      | Slain by Grinder

Illustrated notes

Levels and vault maps discovered:
D:1:      sevenhm_arrival_forest_fort_small_3, layout_basic, minmay_hedge_maze
D:2:      layout_basic
D:3:      cheibrodos_helix_gallery, layout_loops_ring,
          mainiacjoe_overflow_concentric_impassable,
          hellmonk_ecumenical_altar_zigzags, uniq_sigmund
D:4:      layout_cave_pools, uniq_ijyb
D:5:      layout_basic, dk_yredelemnul_ordeal, nrook_loot_triangle,
          uniq_grinder, uniq_prince_ribbit1

Skill      XL: |  1  2  3  4  5  6  7 |
---------------+----------------------+-----
Spellcasting   | 4 5 |  5.0
Fighting       | 1 2 |  2.0
Armour         | 1 2 |  2.6
Conjurations   | 2 |  2.8
Poison Magic   | 2 3 4 |  4.4
Dodging        | 2 |  2.3
Stealth        | 4 |  4.5
Summonings     | |  1.0
Translocations | |  1.0
Air Magic      | |  0.4

Action                   |  1- 3 |  4- 6 |  7- 9 || total
-------------------------+-------+-------+-------++-------
Melee: Dagger            |    17 |    73 |    68 ||   158
 Cast: Magic Dart        |    74 |    47 |     2 ||   123
       Mephitic Cloud    |       |     4 |     1 ||     5
 Abil: Spit Poison       |    10 |     3 |     2 ||    15
 Stab: Confused          |       |     2 |     1 ||     3
       Sleeping          |       |     1 |       ||     1
Armor: Leather armour    |    10 |    20 |    17 ||    47
Dodge: Dodged            |    25 |    46 |    30 ||   101

Table legend: (Time is in decaauts)
 A = Elapsed time spent in this place.
 B = Non-inter-level travel time spent in this place.
 C = Inter-level travel time spent in this place.
 D = Time resting spent in this place.
 E = Time spent auto-exploring this place.
 F = Levels seen in this place.
 G = Mean time per level.
                   A        B        C        D        E       F      G
               +--------+--------+--------+--------+--------+-----+--------+
         Total |   6659 |   6464 |    195 |    650 |   5159 |   5 | 1331.8 |
       Dungeon |   6659 |   6464 |    195 |    650 |   5159 |   5 | 1331.8 |
               +--------+--------+--------+--------+--------+-----+--------+

Top non-repeatable levels by time:
     D:3: 1981 daAuts
     D:1: 1560 daAuts
     D:4: 1250 daAuts
     D:2: 1216 daAuts
     D:5: 650 daAuts
